TOP OF THE 1ST |
Wisconsin Timber Rattlers batting - Pitching for Hartford Yard Goats : LHP Randy Rowland
|
Pitching: LHP Randy Rowland
|
|
Batting: RHB Joe LaDue
|
0-0: Foul Ball, location: 2F 0-1: Swinging Strike 0-2: Strikes out swinging
|
Batting: RHB Nick Garland
|
0-0: Ball 1-0: Ground out 6-3 (Groundball, 4M, EV 83.1 MPH)
|
Batting: RHB Eddie McCoy
|
0-0: Ball 1-0: Ground out 4-3 (Groundball, 4S, EV 64.4 MPH)
|
Top of the 1st over - 0 runs, 0 hits, 0 errors, 0 left on base; Wisconsin 0 - Hartford 0 |
BOTTOM OF THE 1ST |
Hartford Yard Goats batting - Pitching for Wisconsin Timber Rattlers : RHP Zachery Waff
|
Pitching: RHP Zachery Waff
|
|
Batting: SHB Eddie Quinones
|
0-0: SOLO HOME RUN (Flyball, 78XD, EV 103.8 MPH), Distance : 397 ft
|
Batting: SHB Chris Besselman
|
0-0: Ball 1-0: Ball 2-0: Ball 3-0: Called Strike 3-1: Foul Ball, location: 2F 3-2: Foul Ball, location: 2F 3-2: Foul Ball, location: 2F 3-2: Strikes out swinging
|
Batting: LHB Jeremy Brammer
|
0-0: Called Strike 0-1: Foul Ball, location: 2F 0-2: Ball 1-2: Ball 2-2: Ball 3-2: Base on Balls
|
Batting: SHB In-sung Lee
|
0-0: Ball Jeremy Brammer steals 2nd base 1-0: 2-RUN HOME RUN (Flyball, 9D, EV 98.1 MPH), Distance : 364 ft
|
Batting: RHB Justin Williams
|
0-0: Ball 1-0: Called Strike 1-1: Ball 2-1: Foul Ball, location: 2F 2-2: Ground out 3-1 (Groundball, 34, EV 111.9 MPH)
|
Batting: SHB Pete Perla
|
0-0: Swinging Strike 0-1: Foul Ball, location: 2F 0-2: Strikes out looking
|
Bottom of the 1st over - 3 runs, 2 hits, 0 errors, 0 left on base; Wisconsin 0 - Hartford 3 |
TOP OF THE 2ND |
Wisconsin Timber Rattlers batting - Pitching for Hartford Yard Goats : LHP Randy Rowland
|
Batting: RHB Jeff Cornett
|
0-0: Swinging Strike 0-1: Ground out 6-3 (Groundball, 6, EV 83.8 MPH)
|
Batting: RHB John Freeman
|
0-0: Ground out U3 (Groundball, 34, EV 90.6 MPH)
|
Batting: SHB Mitchell Greene
|
0-0: Ball 1-0: Called Strike 1-1: Fly out, F8 (Flyball, 78D, EV 101.9 MPH)
|
Top of the 2nd over - 0 runs, 0 hits, 0 errors, 0 left on base; Wisconsin 0 - Hartford 3 |
BOTTOM OF THE 2ND |
Hartford Yard Goats batting - Pitching for Wisconsin Timber Rattlers : RHP Zachery Waff
|
Batting: RHB Kian-tat Chen
|
0-0: Ball 1-0: Fly out, F8 (Flyball, 8LXD, EV 103.1 MPH)
|
Batting: RHB Steve Waltenbery
|
0-0: Called Strike 0-1: Called Strike 0-2: Ball 1-2: Ball 2-2: Ground out 1-6-3 (Groundball, 15S, EV 100.6 MPH)
|
Batting: LHB Mick Knopp
|
0-0: Ground out U3 (Groundball, 3S, EV 84.4 MPH)
|
Bottom of the 2nd over - 0 runs, 0 hits, 0 errors, 0 left on base; Wisconsin 0 - Hartford 3 |
TOP OF THE 3RD |
Wisconsin Timber Rattlers batting - Pitching for Hartford Yard Goats : LHP Randy Rowland
|
Batting: RHB Bryant Thies
|
0-0: DOUBLE (Flyball, 8LXD, EV 98.1 MPH)
|
Batting: RHB Raymond Young
|
0-0: Foul Ball, location: 2F 0-1: Ball 1-1: Called Strike 1-2: Ball 2-2: Foul Ball, location: 2F 2-2: Foul Ball, location: 2F 2-2: Reached on error, E4 (Groundball, 4M, EV 87.5 MPH) Bryant Thies to third
|
Batting: LHB Andy Sanchez
|
0-0: Foul Ball, location: 2F 0-1: Swinging Strike 0-2: Fly out, F4 (Popup, 3D, EV 64.4 MPH)
|
Batting: RHB Joe LaDue
|
0-0: Ball 1-0: Foul Ball, location: 2F 1-1: Foul Ball, location: 2F 1-2: Fly out, F8 (Line Drive, 8LM, EV 94.4 MPH) Runner from 3rd tags up, SCORES, no throw by CF
|
Batting: RHB Nick Garland
|
0-0: Fly out, F3 (Line Drive, 3, EV 71.9 MPH)
|
Top of the 3rd over - 1 run, 1 hit, 1 error, 1 left on base; Wisconsin 1 - Hartford 3 |
BOTTOM OF THE 3RD |
Hartford Yard Goats batting - Pitching for Wisconsin Timber Rattlers : RHP Zachery Waff
|
Batting: SHB Eddie Quinones
|
0-0: Called Strike 0-1: Foul Ball, location: 2F 0-2: Foul Ball, location: 2F 0-2: Ball 1-2: Fly out, F9 (Flyball, 9D, EV 101.9 MPH)
|
Batting: SHB Chris Besselman
|
0-0: Ball 1-0: Ball 2-0: Ball 3-0: Called Strike 3-1: Called Strike 3-2: Foul Ball, location: 2F 3-2: Base on Balls
|
Batting: LHB Jeremy Brammer
|
0-0: Called Strike 0-1: Ball 1-1: Foul Ball, location: 2F 1-2: Foul Ball, location: 2F 1-2: Ball 2-2: Foul Ball, location: 2F 2-2: Ball 3-2: Base on Balls Chris Besselman to second
|
Batting: SHB In-sung Lee
|
0-0: Ball 1-0: Ball 2-0: Called Strike 2-1: Foul Ball, location: 2F 2-2: Ball 3-2: Strikes out swinging
|
Batting: RHB Justin Williams
|
0-0: Ground out 6-3 (Groundball, 56D, EV 91.2 MPH)
|
Bottom of the 3rd over - 0 runs, 0 hits, 0 errors, 2 left on base; Wisconsin 1 - Hartford 3 |
TOP OF THE 4TH |
Wisconsin Timber Rattlers batting - Pitching for Hartford Yard Goats : LHP Randy Rowland
|
Batting: RHB Eddie McCoy
|
0-0: Ball 1-0: Called Strike 1-1: Foul Ball, location: 2F 1-2: Ball 2-2: Ball 3-2: Strikes out looking
|
Batting: RHB Jeff Cornett
|
0-0: Called Strike 0-1: Foul Ball, location: 2F 0-2: Ball 1-2: Ball 2-2: SINGLE (Groundball, 56D, EV 97.5 MPH)
|
Batting: RHB John Freeman
|
0-0: Ball 1-0: Called Strike 1-1: SINGLE (Groundball, 6D, EV 93.8 MPH) Jeff Cornett to second
|
Batting: SHB Mitchell Greene
|
0-0: Called Strike 0-1: Ball 1-1: Swinging Strike 1-2: Foul Ball, location: 2F 1-2: Foul Ball, location: 2F 1-2: Ball 2-2: SINGLE (Groundball, 56S, EV 76.9 MPH) (infield hit) Jeff Cornett to third John Freeman to second
|
Batting: RHB Bryant Thies
|
0-0: Swinging Strike 0-1: Ball 1-1: Fly out, F4 (Popup, 23, EV 85.0 MPH)
|
Batting: RHB Raymond Young
|
0-0: Ground out U3 (Groundball, 13, EV 86.9 MPH)
|
Top of the 4th over - 0 runs, 3 hits, 0 errors, 3 left on base; Wisconsin 1 - Hartford 3 |
BOTTOM OF THE 4TH |
Hartford Yard Goats batting - Pitching for Wisconsin Timber Rattlers : RHP Zachery Waff
|
Batting: SHB Pete Perla
|
0-0: Ball 1-0: Ball 2-0: Foul Ball, location: 2F 2-1: Foul Ball, location: 2F 2-2: Strikes out swinging
|
Batting: RHB Kian-tat Chen
|
0-0: Ball 1-0: Ball 2-0: Ball 3-0: Called Strike 3-1: Swinging Strike 3-2: Base on Balls
|
Batting: RHB Steve Waltenbery
|
0-0: Called Strike 0-1: Called Strike Kian-tat Chen steals 2nd, throwing error, E2 Kian-tat Chen to third 0-2: Ball 1-2: Strikes out swinging
|
Batting: LHB Mick Knopp
|
0-0: Ball 1-0: Swinging Strike 1-1: Ball 2-1: DOUBLE (Line Drive, 9LD, EV 108.8 MPH) Kian-tat Chen scores
|
Batting: SHB Eddie Quinones
|
0-0: Called Strike 0-1: Ground out U3 (Groundball, 3L, EV 82.5 MPH)
|
Bottom of the 4th over - 1 run, 1 hit, 1 error, 1 left on base; Wisconsin 1 - Hartford 4 |
TOP OF THE 5TH |
Wisconsin Timber Rattlers batting - Pitching for Hartford Yard Goats : LHP Randy Rowland
|
Batting: LHB Andy Sanchez
|
0-0: Ball 1-0: Ball 2-0: Called Strike 2-1: Foul Ball, location: 2F 2-2: Foul Ball, location: 2F 2-2: Ball 3-2: Foul Ball, location: 2F 3-2: Foul Ball, location: 2F 3-2: Foul Ball, location: 2F 3-2: Base on Balls
|
Batting: RHB Joe LaDue
|
0-0: Ball 1-0: Called Strike 1-1: Ball 2-1: Swinging Strike 2-2: Fielders Choice at 2nd, 5-4 (Groundball, 15, EV 85.0 MPH)
|
Batting: RHB Nick Garland
|
0-0: SINGLE (Groundball, 56, EV 91.9 MPH) (infield hit) Joe LaDue to second
|
Batting: RHB Eddie McCoy
|
0-0: Ball 1-0: Foul Ball, location: 2F 1-1: Ball 2-1: Foul Ball, location: 2F 2-2: SINGLE (Groundball, 4M, EV 102.5 MPH) (infield hit) Joe LaDue to third Nick Garland to second
|
Batting: RHB Jeff Cornett
|
0-0: Ball 1-0: TRIPLE (Flyball, 9LD, EV 108.1 MPH) Joe LaDue scores Nick Garland scores Eddie McCoy scores
|
Pinch Runner at 3rd Derek Halliwill:
|
|
Batting: RHB John Freeman
|
0-0: Swinging Strike 0-1: Hit by Pitch
|
Batting: SHB Mitchell Greene
|
0-0: Called Strike 0-1: Foul Ball, location: 2F 0-2: Ball 1-2: Strikes out swinging
|
Pitching: RHP Joe Goodale
|
|
Batting: RHB Bryant Thies
|
0-0: Ball 1-0: Swinging Strike 1-1: Ball 2-1: Ground out 4-3 (Groundball, 34, EV 93.8 MPH)
|
Top of the 5th over - 3 runs, 3 hits, 0 errors, 2 left on base; Wisconsin 4 - Hartford 4 |
BOTTOM OF THE 5TH |
Hartford Yard Goats batting - Pitching for Wisconsin Timber Rattlers : RHP Zachery Waff
|
Pitching: RHP Justin Orr
|
|
Now in LF: Derek Halliwill
|
|
Batting: SHB Chris Besselman
|
0-0: Foul Ball, location: 2F 0-1: Called Strike 0-2: Ball 1-2: Foul Ball, location: 2F 1-2: Ball 2-2: Foul Ball, location: 2F 2-2: Ball 3-2: Base on Balls
|
Batting: LHB Jeremy Brammer
|
0-0: Ball 1-0: Called Strike 1-1: Ball 2-1: Ball 3-1: Called Strike 3-2: Foul Ball, location: 2F 3-2: Base on Balls Chris Besselman to second
|
Batting: SHB In-sung Lee
|
0-0: Swinging Strike 0-1: Ball 1-1: Fly out, F8 (Flyball, 78M, EV 90.6 MPH)
|
Batting: RHB Justin Williams
|
0-0: Called Strike 0-1: Fielders Choice at 2nd, 3-6 (Groundball, 34, EV 78.8 MPH) Chris Besselman to third
|
Batting: SHB Pete Perla
|
0-0: Ball Wild Pitch! Chris Besselman scores Justin Williams to second 1-0: Called Strike 1-1: Ball 2-1: Foul Ball, location: 2F 2-2: Foul Ball, location: 2F 2-2: Ground out 4-3 (Groundball, 4D, EV 110.0 MPH)
|
Bottom of the 5th over - 1 run, 0 hits, 0 errors, 1 left on base; Wisconsin 4 - Hartford 5 |
TOP OF THE 6TH |
Wisconsin Timber Rattlers batting - Pitching for Hartford Yard Goats : RHP Joe Goodale
|
Batting: RHB Raymond Young
|
0-0: Called Strike 0-1: Ball 1-1: Ball 2-1: Called Strike 2-2: Ball 3-2: Foul Ball, location: 2F 3-2: Strikes out swinging
|
Batting: LHB Andy Sanchez
|
0-0: Ball 1-0: Foul Ball, location: 2F 1-1: Called Strike 1-2: Ball 2-2: Foul Ball, location: 2F 2-2: Foul Ball, location: 2F 2-2: Ball 3-2: Foul Ball, location: 2F 3-2: Strikes out swinging
|
Batting: RHB Joe LaDue
|
0-0: Foul Ball, location: 2F 0-1: Called Strike 0-2: Strikes out looking
|
Top of the 6th over - 0 runs, 0 hits, 0 errors, 0 left on base; Wisconsin 4 - Hartford 5 |
BOTTOM OF THE 6TH |
Hartford Yard Goats batting - Pitching for Wisconsin Timber Rattlers : RHP Justin Orr
|
Batting: RHB Kian-tat Chen
|
0-0: Ball 1-0: Called Strike 1-1: Swinging Strike 1-2: Ground out 6-3 (Groundball, 6M, EV 84.4 MPH)
|
Batting: RHB Steve Waltenbery
|
0-0: Fly out, F9 (Flyball, 9S, EV 90.0 MPH)
|
Batting: LHB Mick Knopp
|
0-0: Foul Ball, location: 2F 0-1: Called Strike 0-2: Foul Ball, location: 2F 0-2: Ball 1-2: Fly out, F9 (Flyball, 9S, EV 73.1 MPH)
|
Bottom of the 6th over - 0 runs, 0 hits, 0 errors, 0 left on base; Wisconsin 4 - Hartford 5 |
TOP OF THE 7TH |
Wisconsin Timber Rattlers batting - Pitching for Hartford Yard Goats : RHP Joe Goodale
|
DELAY
|
Rain delay of 42 minutes in the 7th inning.
|
Pitching: LHP Ryan Morlan
|
|
Batting: RHB Nick Garland
|
0-0: Called Strike 0-1: Foul Ball, location: 2F 0-2: Ball 1-2: Foul Ball, location: 2F 1-2: Ground out 5-3 (Groundball, 56, EV 88.8 MPH)
|
Batting: RHB Eddie McCoy
|
0-0: Ball 1-0: Foul Ball, location: 2F 1-1: Foul Ball, location: 2F 1-2: Ball 2-2: Strikes out swinging
|
Batting: RHB Derek Halliwill
|
0-0: Called Strike 0-1: Ball 1-1: Ground out 5-3 (Groundball, 5S, EV 82.5 MPH)
|
Top of the 7th over - 0 runs, 0 hits, 0 errors, 0 left on base; Wisconsin 4 - Hartford 5 |
BOTTOM OF THE 7TH |
Hartford Yard Goats batting - Pitching for Wisconsin Timber Rattlers : RHP Justin Orr
|
Pitching: RHP Joe Shaw
|
|
Batting: SHB Eddie Quinones
|
0-0: Foul Ball, location: 2F 0-1: Foul Ball, location: 2F 0-2: SINGLE (Groundball, 5S, EV 74.4 MPH) (infield hit)
|
Batting: SHB Chris Besselman
|
0-0: Ball 1-0: Sac Bunt to 15 - play at first, batter OUT! 1-4 Eddie Quinones to second
|
Pitching: LHP Tom Barone
|
|
Batting: LHB Jeremy Brammer
|
0-0: Ball 1-0: Ball 2-0: Ball 3-0: Base on Balls
|
Pitching: RHP Brian Harper
|
|
Batting: SHB In-sung Lee
|
0-0: Ball 1-0: Foul Ball, location: 2F 1-1: Ball 2-1: Foul Ball, location: 2F 2-2: Ball 3-2: Base on Balls Eddie Quinones to third Jeremy Brammer to second
|
Batting: RHB Justin Williams
|
0-0: Ball 1-0: Grounds into fielders choice 4-2 (Groundball, 4MS, EV 68.1 MPH) Jeremy Brammer to third In-sung Lee to second
|
Batting: SHB Pete Perla
|
0-0: Ball 1-0: Called Strike 1-1: Foul Ball, location: 2F 1-2: Ball 2-2: Ground out 4-3 (Groundball, 4M, EV 95.6 MPH)
|
Bottom of the 7th over - 0 runs, 1 hit, 0 errors, 3 left on base; Wisconsin 4 - Hartford 5 |
TOP OF THE 8TH |
Wisconsin Timber Rattlers batting - Pitching for Hartford Yard Goats : LHP Ryan Morlan
|
Pitching: RHP Travis Porter
|
|
Batting: RHB John Freeman
|
0-0: Foul Ball, location: 2F 0-1: Hit by Pitch
|
Batting: SHB Mitchell Greene
|
0-0: Bunted foul 0-1: Sac Bunt to 2R - play at first, batter OUT! 2-4 John Freeman to second
|
Batting: RHB Bryant Thies
|
0-0: Ball 1-0: Ball 2-0: Foul Ball, location: 2F 2-1: Ball 3-1: Fly out, F7 (Flyball, 7, EV 77.5 MPH)
|
Batting: RHB Raymond Young
|
0-0: Foul Ball, location: 2F 0-1: Foul Ball, location: 2F 0-2: Ground out 4-3 (Groundball, 34, EV 105.6 MPH)
|
Top of the 8th over - 0 runs, 0 hits, 0 errors, 1 left on base; Wisconsin 4 - Hartford 5 |
BOTTOM OF THE 8TH |
Hartford Yard Goats batting - Pitching for Wisconsin Timber Rattlers : RHP Brian Harper
|
Pitching: RHP Daniel Kaefer
|
|
Batting: RHB Kian-tat Chen
|
0-0: SOLO HOME RUN (Flyball, 9D, EV 97.5 MPH), Distance : 372 ft
|
Batting: RHB Steve Waltenbery
|
0-0: Swinging Strike 0-1: Ball 1-1: Ground out 6-3 (Groundball, 6, EV 98.8 MPH)
|
Batting: LHB Mick Knopp
|
0-0: Ball 1-0: Fly out, F2 (Popup, 2L, EV 96.2 MPH)
|
Batting: SHB Eddie Quinones
|
0-0: Ball 1-0: Foul Ball, location: 2F 1-1: Foul Ball, location: 2F 1-2: Ball 2-2: Ball 3-2: Foul Ball, location: 2F 3-2: Strikes out swinging
|
Bottom of the 8th over - 1 run, 1 hit, 0 errors, 0 left on base; Wisconsin 4 - Hartford 6 |
TOP OF THE 9TH |
Wisconsin Timber Rattlers batting - Pitching for Hartford Yard Goats : RHP Travis Porter
|
Pitching: LHP Greg Burngooch
|
|
Now at 1B: Brian Levensailor
|
|
Batting: LHB Andy Sanchez
|
0-0: Ball 1-0: Swinging Strike 1-1: SINGLE (Line Drive, 6D, EV 106.2 MPH)
|
Batting: RHB Joe LaDue
|
0-0: Called Strike 0-1: Ball 1-1: Ball 2-1: Ball 3-1: Called Strike 3-2: Foul Ball, location: 2F 3-2: Foul Ball, location: 2F 3-2: Strikes out swinging
|
Batting: RHB Nick Garland
|
0-0: Foul Ball, location: 2F 0-1: Foul Ball, location: 2F 0-2: Strikes out swinging
|
Batting: RHB Eddie McCoy
|
0-0: Swinging Strike 0-1: Swinging Strike 0-2: Strikes out looking
|
Top of the 9th over - 0 runs, 1 hit, 0 errors, 1 left on base; Wisconsin 4 - Hartford 6 |
|